AoeStats
← Clueless Clown

Four Lakes

503284002Analyzed
4v4 RM · 1mo ago on Aug 31, 2026· 55m 24s· 8 players
Game mode
Random Map
Map size
Large (8 player)
Population
200
Speed
Normal
Resources
Standard
Victory
Conquest
Starting age
Dark Age
Ending age
Imperial Age
RankedLock teamsTeams togetherTeam positionsShared explorationLock speedFull tech treeHidden civsTurbo modeCheats
Victory
Defeat
🇧🇷 Japanese · Brazil
1049
+14
🇺🇸 Armenians · United States
993
+16
🇺🇸 Georgians · United States
972
+17
🇺🇸 Spanish · United States
966
+18
🇺🇸 Goths · United States
1022
-17
🇨🇳 Franks · China
1007
-17
🇺🇸 Italians · United States
988
-16
🇭🇰 Japanese · Hong Kong SAR China
984
-15
Clueless Clown
9:16 Loom
11:02 Feudal Age
15:08 Castle Age
13:12 Double-Bit Axe
13:13 Fishing Lines
16:10 Bow Saw
16:32 Gillnets
17:02 Loom
18:06 Fletching
22:37 Bodkin Arrow
22:42 Padded Archer Armor
23:23 Wheelbarrow
23:11 Horse Collar
24:15 Crossbowman
25:00 Thumb Ring
26:13 Heavy Plow
26:52 Gold Mining
26:53 Stone Mining
26:57 Treadmill Crane
27:37 Ballistics
26:45 Elite Skirmisher
31:17 Imperial Age
29:12 Hand Cart
29:34 Masonry
29:42 Clinker Construction
29:43 Caravan
29:48 Murder Holes
31:13 Silk Road
31:13 Padded Archer Armor
31:24 Arbalester
32:06 Bracer
33:08 Chemistry
32:39 Architecture
32:39 Conscription
32:41 Conscription
33:31 Guilds
37:45 Hoardings
39:08 Leather Archer Armor
39:49 Arrowslits
40:24 Bombard Tower
42:30 Ring Archer Armor
47:00 Pirotechnia
48:36 Scale Mail Armor
48:47 Forging
Elispar
11:46 Feudal Age
13:17 Double-Bit Axe
13:41 Horse Collar
16:24 Castle Age
15:33 Stone Mining
15:34 Gold Mining
17:34 Bow Saw
18:51 Loom
19:23 Fletching
20:39 Heavy Plow
22:29 Scale Mail Armor
23:20 Wheelbarrow
22:49 Town Watch
23:28 Bodkin Arrow
25:20 Squires
31:14 Hand Cart
31:56 Forging
35:30 Chain Mail Armor
35:51 Iron Casting
bacon
3:55 Loom
10:59 Feudal Age
11:32 Double-Bit Axe
13:00 Fishing Lines
19:17 Castle Age
17:47 Gold Mining
20:51 Medium Warships
21:18 Gillnets
22:01 Fletching
21:34 Pikeman
26:29 Bodkin Arrow
25:57 Elite Skirmisher
27:03 Town Watch
27:57 Wheelbarrow
33:52 Imperial Age
33:01 Ballistics
32:22 Treadmill Crane
33:25 Masonry
33:33 Bow Saw
33:45 Demolition Ship
35:33 Heavy Warships
36:45 Forging
36:35 Scale Mail Armor
37:49 Chemistry
36:46 Murder Holes
39:54 Hand Cart
39:39 Town Patrol
40:16 Elite Samurai
41:13 Thumb Ring
41:54 Conscription
44:04 Iron Casting
46:19 Blast Furnace
拉拉车
12:13 Feudal Age
13:46 Fishing Lines
14:20 Double-Bit Axe
16:36 Castle Age
15:06 Stone Mining
15:43 Gold Mining
19:43 Fletching
23:44 Wheelbarrow
23:30 Loom
25:45 Gillnets
33:41 Forging
33:37 Scale Barding Armor
33:52 Bow Saw
38:19 Imperial Age
Dean
8:37 Loom
11:50 Feudal Age
16:18 Castle Age
14:52 Double-Bit Axe
18:02 Horse Collar
18:54 Fortified Wall
19:48 Medium Warships
22:25 Heavy Plow
26:09 Bow Saw
27:23 Fletching
27:57 Ballistics
28:54 Cilician Fleet
30:37 Wheelbarrow
35:39 Imperial Age
35:01 Forging
34:51 Scale Mail Armor
34:18 Man-at-Arms
34:43 Gambesons
34:59 Squires
34:44 Arson
34:19 Pikeman
35:10 Long Swordsman
36:36 Two-Handed Swordsman
36:38 Capped Ram
37:44 Champion
38:54 Fereters
39:10 Conscription
41:43 Iron Casting
41:23 Chain Mail Armor
45:02 Siege Ram
46:48 Blast Furnace
46:02 Halberdier
52:05 Plate Mail Armor
51:31 Bodkin Arrow
51:36 Padded Archer Armor
51:04 Elite Composite Bowman
53:47 Redemption
53:40 Caravan
55:50 Bracer
56:05 Leather Archer Armor
Jagelicious17
1:10 Loom
11:28 Feudal Age
11:57 Double-Bit Axe
11:55 Horse Collar
19:47 Castle Age
18:22 Fishing Lines
18:49 Stone Mining
18:52 Gold Mining
19:08 Fletching
21:49 Heavy Plow
23:15 Wheelbarrow
25:29 Bow Saw
25:35 Murder Holes
26:01 Ballistics
27:04 Bloodlines
28:15 Hand Cart
28:08 Husbandry
32:15 Imperial Age
30:05 Scale Barding Armor
30:11 Forging
37:03 Elite Monaspa
39:14 Chemistry
37:58 Treadmill Crane
38:29 Masonry
andre.luizmg
11:40 Feudal Age
10:31 Loom
12:08 Double-Bit Axe
17:17 Castle Age
17:01 Horse Collar
17:40 Stone Mining
18:52 Wheelbarrow
18:15 Pikeman
19:09 Scale Mail Armor
22:09 Squires
21:55 Gambesons
22:30 Chain Mail Armor
22:55 Heavy Plow
29:43 Imperial Age
29:38 Hand Cart
31:39 Arson
31:45 Crossbowman
32:32 Thumb Ring
33:02 Plate Mail Armor
32:23 Fletching
37:04 Town Watch
37:32 Forging
37:30 Elite Samurai
42:18 Iron Casting
41:39 Bodkin Arrow
43:21 Elite Skirmisher
44:37 Bracer
44:38 Padded Archer Armor
45:40 Blast Furnace
50:08 Ballistics
50:49 Chemistry
49:46 Murder Holes
53:56 Conscription
ImLiterallyTime
10:08 Loom
12:56 Feudal Age
16:44 Castle Age
14:40 Stone Mining
17:55 Town Watch
26:58 Double-Bit Axe
28:02 Fletching
36:46 Bow Saw
37:03 Fletching
38:50 Husbandry
39:00 Bloodlines
39:16 Ballistics
44:58 Wheelbarrow
49:45 Imperial Age
49:45 Padded Archer Armor
49:41 Bodkin Arrow
50:26 Hand Cart
51:13 Conscription
51:25 Elite Skirmisher
53:18 Two-Man Saw
Connection lost

Rejoining the realm…

Still unreachable

The connection could not be restored.

Session expired

The server has moved on; the page needs a fresh start.